 Dungeon Crawl Stone Soup version 0.22-a0-441-gcf5b0c6 (webtiles) character file.

436 jackcbaral90 the Caller (level 7, 0/36 HPs)
             Began as a Tengu Summoner on May 30, 2018.
             Slain by a wight
             ... wielding a +3 hand axe
              (5 damage)
             ... on level 4 of the Dungeon.
             The game lasted 00:15:19 (2889 turns).

jackcbaral90 the Caller (Tengu Summoner)            Turns: 2889, Time: 00:15:20

Health: 0/36       AC:  4    Str:  8    XL:     7   Next: 1%
Magic:  1/15       EV: 12    Int: 17    God:
Gold:   177        SH:  0    Dex: 18    Spells: 9/15 levels left

rFire    . . .     SeeInvis .   x - +2 spear (venom)
rCold    . . .     Gourm    .   (no shield)
rNeg     . . .     Faith    .   a - +0 robe
rPois    .         Spirit   .   (helmet restricted)
rElec    .         Reflect  .   (no cloak)
rCorr    .         Harm     .   f - +1 pair of gloves
MR       .....                  (boots unavailable)
Stlth    ++........             (no amulet)
HPRegen  0.12/turn              g - +3 ring of dexterity
MPRegen  0.14/turn              t - +2 ring of slaying (curse)

@: drained
A: beak, talons 3, able to fly 1
a: Fly


You were on level 4 of the Dungeon.
You were not hungry.

You visited 1 branch of the dungeon, and saw 5 of its levels.

You collected 177 gold pieces.

Inventory:

Hand Weapons
 x - a +2 spear of venom (weapon)
Missiles
 d - 38 arrows
 h - 18 poisoned needles
Armour
 a - a +0 robe (worn)
 f - a +1 pair of gloves (worn)
Jewellery
 g - a +3 ring of dexterity (left hand)
 o - an uncursed ring of fire
 t - a cursed +2 ring of slaying (right hand)
Wands
 s - a wand of flame (18)
Scrolls
 b - 2 scrolls of teleportation {unknown}
 e - a scroll of fog {unknown}
 l - 6 scrolls of amnesia {unknown}
 m - 3 scrolls of identify {unknown}
 p - 2 scrolls of immolation {unknown}
 r - 3 scrolls of remove curse {unknown}
 u - a scroll of enchant armour {unknown}
 w - a scroll of random uselessness {unknown}
Potions
 i - a potion of heal wounds {unknown}
 j - a potion of invisibility {unknown}
 k - a potion of magic {unknown}
 q - a potion of cancellation
 v - a potion of curing {unknown}
Comestibles
 c - 4 rations


   Skills:
 - Level 2.2(1.4) Dodging
 - Level 2.0(1.2) Stealth
 + Level 4.8(4.0) Spellcasting
 + Level 7.7(6.8) Summonings


You had 9 spell levels left.
You knew the following spells:

 Your Spells              Type           Power        Failure   Level  Hunger
a - Summon Small Mammal   Summ           ####         1%          1    None
b - Call Imp              Summ           ####....     1%          2    ##.....
c - Call Canine Familiar  Summ           ####....     2%          3    ###....

Your spell library contained the following spells:

 Spells                   Type           Power        Failure   Level  Hunger
 Summon Ice Beast         Ice/Summ       ###.....     36%         4    ####...
 Summon Lightning Spire   Summ/Air       ###.....     36%         4    ####...
 Summon Guardian Golem    Hex/Summ       ###.....     12%         3    ###....


Dungeon Overview and Level Annotations

Branches:
Dungeon (5/15)
 Temple: D:4-7

Altars:


Innate Abilities, Weirdness & Mutations

You have a beak for a mouth.
You have claws for feet.
You can fly.


Message History

The wight hits your hound with an enchanted hand axe!
Your hound dies!
Your hound's corpse disappears in a puff of smoke!
Your magical contamination has completely faded away.
There is a stone staircase leading up here.
Attack whom?
Press: ? - help, Dir - move target cursor, f/p - wight
Aim: a wight, wielding an enchanted hand axe and wearing a robe (almost destroyed)
You reach to attack!
You barely miss the wight.
The wight is almost destroyed.
The wight hits you with an enchanted hand axe.
* * * LOW HITPOINT WARNING * * *
You feel drained.
* * * LOW HITPOINT WARNING * * *
You climb upwards.
There is a stone staircase leading down here.
Casting: Call Canine Familiar (safe; 2% risk of failure)
Confirm with . or Enter, or press ? or * to list all spells.
The wight hits you with an enchanted hand axe.
You die...

#####...........######
#......#....#....#
#......#.#..#.##5#
#......#.#....##5####
########.#..####....#
#........###.#
####..##.# #5###
#h.z#.# #...# ##@...#
###.# ##.### #.# #.#
#5# #.# ###.# #.#
#...# #.#####5###
#.......# #########


You could see a wight and a friendly hound.

Vanquished Creatures
  An ogre (D:4)
  A bullfrog (D:4)
  The ghost of 4thArraOfDagon the Insei, a weakling KoMo (D:4)
  A gnoll shaman (D:4)
  An orc wizard (D:3)
  A worker ant (D:4)
  An adder (D:4)
  A gnoll (D:2)
  An ooze (D:3)
  A leopard gecko (D:4)
  3 orcs (D:3)
  4 giant cockroaches
  A hobgoblin (D:3)
  3 jackals (D:3)
  A ball python skeleton (D:4)
  3 bats
  A frilled lizard (D:1)
  4 rats
30 creatures vanquished.

Vanquished Creatures (collateral kills)
  The ghost of Zorot the Magician, an amateur DEFE (D:3)
  A crimson imp (D:4)
  2 worker ants (D:4)
  7 gnolls
  3 adders
  3 worms
  2 dart slugs (D:1)
  A leopard gecko (D:1)
  An orc (D:3)
  2 giant cockroaches
  6 goblins
  7 hobgoblins
  2 jackals (D:3)
  6 kobolds
  A quokka (D:3)
  A ball python (D:1)
  4 bats
  2 frilled lizards
  9 rats
61 creatures vanquished.

Grand Total: 91 creatures vanquished

Notes
Turn   | Place    | Note
-------+----------+-------------------------------------------
     0 | D:1      | jackcbaral90 the Tengu Summoner began the quest for the Orb.
     0 | D:1      | Reached XP level 1. HP: 10/10 MP: 4/4
    75 | D:1      | Reached skill level 5 in Summonings
   200 | D:1      | Reached XP level 2. HP: 12/15 MP: 4/6
   204 | D:1      | Learned a level 2 spell: Call Imp
   679 | D:2      | Reached XP level 3. HP: 17/19 MP: 3/7
   686 | D:2      | Learned a level 3 spell: Call Canine Familiar
  1073 | D:2      | Reached XP level 4. HP: 23/24 MP: 7/9
  1535 | D:3      | Noticed Zorot's ghost (amateur DEFE)
  1576 | D:3      | Killed Zorot's ghost
  1576 | D:3      | Reached skill level 6 in Summonings
  1791 | D:3      | Gained mutation: You can fly. [Tengu growth]
  1791 | D:3      | Reached XP level 5. HP: 28/28 MP: 11/11
  2209 | D:4      | Reached skill level 7 in Summonings
  2209 | D:4      | Reached XP level 6. HP: 23/32 MP: 7/13
  2389 | D:4      | Noticed 4thArraOfDagon's ghost (weakling KoMo)
  2397 | D:4      | Killed 4thArraOfDagon's ghost
  2594 | D:4      | Reached XP level 7. HP: 17/36 MP: 10/15
  2738 | D:5      | Entered Level 5 of the Dungeon
  2889 | D:4      | Slain by a wight

Vault maps used:
D:1:      dpeg_arrival_arbitrary_c
D:4:      nicolae_overflow_hidden_temple
D:5:      minmay_opposing_rooms, minmay_temple_entry_enclosed_plants,
          first_ration, item_on_display_a, uniq_duvessa

Skill      XL: |  1  2  3  4  5 |
---------------+----------------+-----
Summonings     | 5 6 7 |  7.7
Spellcasting   | 3 4 |  4.8
Dodging        | |  2.2
Stealth        | |  2.0

Action                   |  1- 3 |  4- 6 |  7- 9 || total
-------------------------+-------+-------+-------++-------
Melee: Unarmed           |    40 |     9 |       ||    49
       Kick              |     9 |    14 |     1 ||    24
       Peck              |     6 |     8 |       ||    14
       Spear             |       |    72 |     9 ||    81
 Cast: Summon Small Mamm |    20 |       |       ||    20
       Call Imp          |    10 |    11 |     1 ||    22
       Call Canine Famil |     5 |    19 |     6 ||    30
  Use: Potion            |     2 |       |       ||     2
 Stab: Distracted        |       |     1 |     1 ||     2
  Eat: Chunk             |     2 |     7 |     1 ||    10
Armor: Robe              |    15 |    29 |       ||    44
Dodge: Dodged            |    47 |    50 |     5 ||   102

Table legend:
 A = Spawn XP
 B = Non-spawn XP
 C = Spawn XP percentage of total XP
 D = Spawn monster count
 E = Non-spawn monster count
 F = Spawn count percentage of total count
 G = Total turns spent on level
                    A         B        C        D         E        F      G
               +---------+---------+-------+---------+---------+-------+---------
         Total |       0 |     624 |   0.0 |       0 |      91 |   0.0 |  2889
               +---------+---------+-------+---------+---------+-------+---------
           D:1 |       0 |      15 |   0.0 |       0 |      12 |   0.0 |   492
           D:2 |       0 |      68 |   0.0 |       0 |      22 |   0.0 |   845
           D:3 |       0 |     144 |   0.0 |       0 |      38 |   0.0 |   828
           D:4 |       0 |     397 |   0.0 |       0 |      19 |   0.0 |   643
               +---------+---------+-------+---------+---------+-------+---------
